 Dungeon Crawl Stone Soup version 0.30-a0-329-g85436e0 (webtiles) character file.

Game seed: 8878785758634555210

163 Sixotanaka the Digger (level 5, -4/37 (41) HPs)
             Began as a Gnoll Wanderer on Oct 28, 2022.
             Engulfed by a cloud of foul pestilence (13 damage)
             ... on level 3 of the Dungeon.
             The game lasted 00:09:29 (2208 turns).

Sixotanaka the Digger (Gnoll Wanderer)              Turns: 2208, Time: 00:09:38

HP:   -4/37 (41)    AC:  6    Str:  7 (10) XL:     5   Next: 44%
MP:   12/12         EV: 11    Int: 11 (13) God:
Gold: 132           SH:  0    Dex: 12 (13) Spells: 9/14 levels left

rFire   . . .      SeeInvis .    f - +0 spear
rCold   . . .      Faith    .    d - +0 buckler
rNeg    . . .      Spirit   .    t - +0 leather armour
rPois   +          Reflect  .    (no helmet)
rElec   .          Harm     .    o - +0 cloak
rCorr   .          Rampage  .    (no gloves)
Will    .....                    (no boots)
Stlth   +.........               (no amulet)
HPRegen 0.26/turn                k - ring of wizardry
MPRegen 0.13/turn                q - ring of poison resistance

@: confused, lethally poisoned (-4 -> -38), ambrosia-drunk, slowed, drained,
very slow
A: fangs 1, strong nose, distributed training, hooves 1, iridescent scales 1,
MP-powered wands
a: no special abilities


You were on level 3 of the Dungeon.
You visited 1 branch of the dungeon, and saw 3 of its levels.

You collected 132 gold pieces.

Inventory:

Hand Weapons
 a - a +0 dagger
 f - a +0 spear (weapon)
 h - a +2 dagger of draining
Missiles
 g - 8 poisoned darts
 i - 4 javelins
Armour
 d - a +0 buckler (worn)
 o - a +0 cloak (worn)
 t - a +0 leather armour (worn)
Jewellery
 k - a ring of wizardry (left hand)
 q - a ring of poison resistance (right hand)
 r - a +6 ring of dexterity
Scrolls
 b - 4 scrolls of teleportation
 c - a scroll of acquirement {unknown}
 j - a scroll of fear {unknown}
 l - 4 scrolls of identify {unknown}
 p - a scroll of blinking {unknown}
 u - a scroll of immolation {unknown}
Potions
 e - a potion of lignification {unknown}
 m - a potion of ambrosia
 n - a potion of mutation
 s - a potion of degeneration


   Skills:
 + Level 3.0 Fighting
 + Level 1.5 Short Blades
 + Level 1.5 Long Blades
 + Level 1.5 Axes
 + Level 1.5 Maces & Flails
 + Level 1.5 Polearms
 + Level 1.5 Staves
 + Level 1.5 Ranged Weapons
 + Level 1.5 Throwing
 + Level 1.5 Armour
 + Level 1.5 Dodging
 + Level 1.5 Stealth
 + Level 4.8 Shields
 + Level 1.5 Unarmed Combat
 + Level 5.2 Spellcasting
 + Level 1.2 Conjurations
 + Level 1.2 Hexes
 + Level 1.2 Summonings
 + Level 4.0 Necromancy
 + Level 1.2 Translocations
 + Level 1.2 Transmutations
 + Level 1.2 Fire Magic
 + Level 1.2 Ice Magic
 + Level 1.2 Air Magic
 + Level 5.5 Earth Magic
 + Level 1.2 Poison Magic
 + Level 1.7 Invocations
 + Level 1.5 Evocations


You had 9 spell levels left.
You knew the following spells:

 Your Spells              Type           Power      Damage    Failure   Level
a - Sandblast             Erth           30%        2d9       1%          1
b - Passwall              Tmut/Erth      8%         N/A       6%          2
c - Cigotuvi's Dreadful   Necr/Pois/Air  14%        N/A       11%         2

Your spell library contained the following spells:

 Spells                   Type           Power      Damage    Failure   Level
 Sublimation of Blood     Necr           11%        N/A       4%          2
 Stone Arrow              Conj/Erth      20%        3d8       12%         3
 Blink                    Tloc           10%        N/A       16%         2
 Momentum Strike          Conj/Tloc      10%        3d8       16%         2
 Lesser Beckoning         Tloc           10%        N/A       28%         3


Dungeon Overview and Level Annotations

Branches:
Dungeon (3/15)

Altars:

Annotations:
D:2 Sigmund


Innate Abilities, Weirdness & Mutations

You have very sharp teeth.
Your uncanny sense of smell can sniff out nearby items.
Your experience applies equally to all skills.
You have large cloven feet.
You are partially covered in iridescent scales. (AC +2)
You expend magic power (3 MP) to strengthen your wands.


Message History

You are engulfed in dark miasma.
You are poisoned.
You feel very sick. The kobold barely misses you.
The kobold hits you but does no damage. You block the kobold's attack.
Casting: Sandblast (safe; 1% risk of failure)
Confirm with . or Enter, or press ? or * to list all spells.
Aiming: Sandblast (safe; 1% risk of failure)
Press: ? - help, Shift-Dir - straight line, f - kobold
Aim: a kobold, wielding a +0 whip (77% to hit)
The blast of sand hits the kobold!
You kill the kobold!
You are engulfed in dark miasma.
You feel yourself slow down.
You feel very sick.
The kobold hits you but does no damage. x2
It was a potion of ambrosia.
You are confused.
You feel invigorated.
You are engulfed in dark miasma.
You feel very sick. The kobold barely misses you.
The kobold hits you with a +0 dagger. The kobold misses you.
The kobold barely misses you. The kobold hits you with a +0 whip.
* * * LOW HITPOINT WARNING * * *
The kobold barely misses you. x2
It was a potion of degeneration.
There was something very wrong with that liquid.
You feel weakened.
You feel dopey.
You feel clumsy.
You are engulfed in dark miasma.
* * * LOW HITPOINT WARNING * * *
You feel sick. The kobold closely misses you. The kobold misses you.
The kobold hits you with a +0 dagger.
* * * LOW HITPOINT WARNING * * *
The kobold barely misses you.
It was a potion of mutation.
You feel extremely strange.
Iridescent scales grow over part of your body.
You feel your magical essence link to the dungeon's wands.
Your feet thicken and deform.
You are engulfed in dark miasma.
You are lethally poisoned!
You feel as though you will be slow longer.
You die...

##########.###.##################
...............................>#
########....##.########†#######.#
#.#.###.########.#.....#.#
#####+#####........#.##.##.#.#
#........................#.#.#
#.......###.....##.#.###...#.#
#.......# ##'''###<#..........
#.......# #)@K# #######......
#.......# #.KKK.# #####.#
##########.......# #.# #.......#
#.# #.......# #.# # #.......# #.#
#### ####....# #.# ...#####
+....# #.# .......#### #.#


You could see 4 kobolds.

Vanquished Creatures
  Natasha (thrice) (D:3)
  5 adders
  A worm (D:2)
  A dart slug (D:1)
  4 ball pythons
  3 endoplasms
  5 goblins
  A hobgoblin (D:1)
  A quokka (D:1)
  4 bats
  4 frilled lizards
  6 kobolds
  4 rats
42 creatures vanquished.

Vanquished Creatures (others)
  6 toadstools (D:3)
6 creatures vanquished.

Grand Total: 48 creatures vanquished

Notes
Turn   | Place    | Note
-------+----------+-------------------------------------------
     0 | D:1      | Sixotanaka the Gnoll Wanderer began the quest for the Orb.
     0 | D:1      | Sixotanaka set off with the following items: a +0 dagger, a
                  | scroll of teleportation, a +0 robe, a +0 buckler; and the
                  | following spell memorised: Sandblast; and the following
                  | spells available to memorise: Sublimation of Blood,
                  | Passwall, Cigotuvi's Dreadful Rot, Stone Arrow.
     0 | D:1      | Reached XP level 1. HP: 17/17 MP: 6/6
   418 | D:1      | Reached XP level 2. HP: 23/23 MP: 5/7
   919 | D:2      | Reached skill level 5 in Spellcasting
   919 | D:2      | Reached XP level 3. HP: 27/28 MP: 3/9
   986 | D:2      | Noticed Sigmund
  1092 | D:2      | Found a faded altar of an unknown god.
  1211 | D:2      | Reached skill level 1 in Invocations
  1432 | D:2      | Reached skill level 1 in Short Blades
  1432 | D:2      | Reached skill level 1 in Long Blades
  1432 | D:2      | Reached skill level 1 in Axes
  1432 | D:2      | Reached skill level 1 in Maces & Flails
  1432 | D:2      | Reached skill level 1 in Polearms
  1432 | D:2      | Reached skill level 1 in Staves
  1432 | D:2      | Reached skill level 1 in Ranged Weapons
  1432 | D:2      | Reached skill level 1 in Throwing
  1432 | D:2      | Reached skill level 1 in Armour
  1432 | D:2      | Reached skill level 1 in Dodging
  1432 | D:2      | Reached skill level 1 in Stealth
  1432 | D:2      | Reached skill level 1 in Unarmed Combat
  1432 | D:2      | Reached skill level 1 in Evocations
  1851 | D:3      | Reached XP level 4. HP: 34/34 MP: 7/11
  1966 | D:3      | Noticed Natasha
  1972 | D:3      | Killed Natasha
  1973 | D:3      | Reached skill level 1 in Conjurations
  1973 | D:3      | Reached skill level 1 in Hexes
  1973 | D:3      | Reached skill level 1 in Summonings
  1973 | D:3      | Reached skill level 1 in Translocations
  1973 | D:3      | Reached skill level 1 in Transmutations
  1973 | D:3      | Reached skill level 1 in Fire Magic
  1973 | D:3      | Reached skill level 1 in Ice Magic
  1973 | D:3      | Reached skill level 1 in Air Magic
  1973 | D:3      | Reached skill level 1 in Poison Magic
  2029 | D:3      | Noticed Natasha
  2060 | D:3      | Killed Natasha
  2061 | D:3      | Reached XP level 5. HP: 41/41 MP: 9/12
  2087 | D:3      | Noticed Natasha
  2095 | D:3      | Killed Natasha
  2099 | D:3      | Learned a level 2 spell: Passwall
  2102 | D:3      | Learned a level 2 spell: Cigotuvi's Dreadful Rot
  2208 | D:3      | Gained mutation: You are partially covered in iridescent
                  | scales. (AC +2) [potion of mutation]
  2208 | D:3      | Gained mutation: You expend magic power (3 MP) to
                  | strengthen your wands. [potion of mutation]
  2208 | D:3      | Gained mutation: You have large cloven feet. [potion of
                  | mutation]
  2208 | D:3      | Engulfed by a cloud of foul pestilence

Illustrated notes

Levels and vault maps discovered:
D:1:      kilobyte_arrival_exit_the_forest, layout_loops_cross
D:2:      layout_loops_ring, ebering_ecumenical_altar_ruins, uniq_sigmund
D:3:      cheibrodos_fertilizer, layout_basic, nicolae_ru_path_of_blood,
          uniq_ijyb, uniq_natasha

Skill      XL: |  1  2  3  4  5 |
---------------+----------------+-----
Spellcasting   | 5 |  5.2
Invocations    | 1 |  1.7
Short Blades   | 1 |  1.5
Long Blades    | 1 |  1.5
Axes           | 1 |  1.5
Maces & Flails | 1 |  1.5
Polearms       | 1 |  1.5
Staves         | 1 |  1.5
Ranged Weapons | 1 |  1.5
Throwing       | 1 |  1.5
Armour         | 1 |  1.5
Dodging        | 1 |  1.5
Stealth        | 1 |  1.5
Unarmed Combat | 1 |  1.5
Evocations     | 1 |  1.5
Conjurations   | 1 |  1.2
Hexes          | 1 |  1.2
Summonings     | 1 |  1.2
Translocations | 1 |  1.2
Transmutations | 1 |  1.2
Fire Magic     | 1 |  1.2
Ice Magic      | 1 |  1.2
Air Magic      | 1 |  1.2
Poison Magic   | 1 |  1.2
Fighting       | 3 |  3.0
Necromancy     | 4 |  4.0
Shields        | |  4.8
Earth Magic    | |  5.5

Action                   |  1- 3 |  4- 6 || total
-------------------------+-------+-------++-------
Melee: Spear             |     1 |       ||     1
 Cast: Sandblast         |    45 |    19 ||    64
       Cigotuvi's Dreadf |       |     1 ||     1
  Use: Potion            |       |     3 ||     3
Armor: Robe              |     1 |       ||     1
       Leather armour    |       |     4 ||     4
Dodge: Dodged            |     4 |    15 ||    19
Block: Buckler           |     1 |     3 ||     4

Table legend: (Time is in decaauts)
 A = Elapsed time spent in this place.
 B = Non-inter-level travel time spent in this place.
 C = Inter-level travel time spent in this place.
 D = Time resting spent in this place.
 E = Time spent auto-exploring this place.
 F = Levels seen in this place.
 G = Mean time per level.
                   A        B        C        D        E       F      G
               +--------+--------+--------+--------+--------+-----+--------+
         Total |   2248 |   2190 |     58 |     54 |   1836 |   3 |  749.3 |
       Dungeon |   2248 |   2190 |     58 |     54 |   1836 |   3 |  749.3 |
               +--------+--------+--------+--------+--------+-----+--------+

Top non-repeatable levels by time:
     D:1: 928 daAuts
     D:2: 868 daAuts
     D:3: 451 daAuts
